 Dungeon Crawl Stone Soup version 0.22-a0-283-g1871b15 (webtiles) character file.

158 matakusis the Caller (level 5, -7/42 HPs)
             Began as a Deep Elf Summoner on Mar 19, 2018.
             Mangled by grom234's ghost (10 damage)
             ... on level 3 of the Dungeon.
             The game lasted 00:12:12 (2605 turns).

matakusis the Caller (Deep Elf Summoner)            Turns: 2605, Time: 00:12:13

Health: -7/42      AC: 22    Str:  7    XL:     5   Next: 16%
Magic:  4/13       EV:  2    Int: 26    God:
Gold:   208        SH:  0    Dex: 17    Spells: 1/12 levels left

rFire    . . .     SeeInvis .   h - +0 dagger (venom)
rCold    . . .     Gourm    .   (no shield)
rNeg     + + +     Faith    .   (armour currently unavailable)
rPois    +         Spirit   .   (helmet currently unavailable)
rElec    .         Reflect  .   (cloak currently unavailable)
rCorr    .         Harm     .   (gloves currently unavailable)
MR       .....     NoTele   +   (boots currently unavailable)
Stlth    ++........             (no amulet)
HPRegen  0.14/turn              (no ring)
MPRegen  0.13/turn              (no ring)

@: brilliant, tree-form, very slightly contaminated, hasted, very quick
A: agile 1, strong 1
a: no special abilities


You were on level 3 of the Dungeon.
You were hungry.
You were a tree.
You visited 1 branch of the dungeon, and saw 3 of its levels.

You collected 208 gold pieces.

Inventory:

Hand Weapons
 h - a +0 dagger of venom (weapon)
Armour
 a - a +0 robe (melded)
 g - a +1 hat (melded)
Wands
 l - a wand of random effects (19)
Scrolls
 f - 2 scrolls of remove curse
 j - a scroll of blinking
 m - a scroll of teleportation
Potions
 e - a potion of lignification
Comestibles
 c - 6 rations
 n - 6 chunks of flesh


   Skills:
 - Level 2.4 Dodging
 - Level 2.4 Stealth
 + Level 4.4 Spellcasting
 * Level 6.6 Summonings


You had one spell level left.
You knew the following spells:

 Your Spells              Type           Power        Failure   Level  Hunger
a - Summon Small Mammal   Summ           ####         1%          1    None
b - Call Imp              Summ           ######..     1%          2    None
c - Summon Ice Beast      Ice/Summ       #####...     2%          4    ####...
d - Summon Lightning Spi  Summ/Air       #####...     2%          4    ####...


Dungeon Overview and Level Annotations

Branches:
Dungeon (3/15)

Altars:
Xom

Annotations:
D:3 grom234's ghost, amateur TrMo


Innate Abilities, Weirdness & Mutations

((You have sharp fingernails.))
You are agile. (Dex +2)
Your muscles are strong. (Str +2)


Message History

You cannot move.
You barely miss grom234's ghost.
Grom234's ghost hits you but does no damage.
You hit grom234's ghost.
Grom234's ghost is lightly damaged.
Grom234's ghost hits you but does no damage.
You hit grom234's ghost.
Grom234's ghost is lightly damaged.
You hit grom234's ghost but do no damage.
Grom234's ghost is lightly damaged.
Grom234's ghost hits you but does no damage.
You hit grom234's ghost but do no damage.
Grom234's ghost is lightly damaged.
Grom234's ghost hits you but does no damage.
You barely miss grom234's ghost.
Grom234's ghost is lightly damaged.
You hit grom234's ghost but do no damage.
Grom234's ghost is lightly damaged.
Grom234's ghost hits you!
You die...

####.#.###..###.##.##.###.#.###..
..............##.#..............<
####........#.#.##..#####........
## ###.....[........# ###........
.#######............# #..........
......>.............# #.#.......(
########.#.##.#####.###.#........
#....#.####..÷#...####.##.
#.......W♣YY......# #.# .
#....##.###...#...# # #.#####§#
##.###### #.# #. #.# .# #. #.# #.
#.# .. ... ## ###


You could see grom234's ghost and 2 friendly ice beasts.

Vanquished Creatures
  A leopard gecko (D:1)
  A ball python (D:2)
  2 giant cockroaches (D:1)
  3 goblins
  A hobgoblin (D:3)
  3 kobolds
  A quokka (D:3)
  4 bats
  3 frilled lizards
  5 rats
  A bush (D:1)
25 creatures vanquished.

Vanquished Creatures (collateral kills)
  An ogre (D:3)
  A bullfrog (D:3)
  Robin (D:2)
  An adder (D:2)
  2 worms
  3 dart slugs
  2 orcs (D:3)
  A bat (D:1)
  A giant cockroach (D:3)
  11 goblins
  9 hobgoblins
  A quokka (D:3)
  3 frilled lizards
  3 kobolds
  6 rats
46 creatures vanquished.

Grand Total: 71 creatures vanquished

Notes
Turn   | Place    | Note
-------+----------+-------------------------------------------
     0 | D:1      | matakusis the Deep Elf Summoner began the quest for the Orb.
     0 | D:1      | Reached XP level 1. HP: 10/10 MP: 6/6
   704 | D:1      | Reached XP level 2. HP: 10/15 MP: 4/8
   708 | D:1      | Learned a level 2 spell: Call Imp
  1120 | D:1      | Reached skill level 5 in Summonings
  1322 | D:1      | Gained mutation: You have sharp fingernails. [potion of mutation]
  1322 | D:1      | Gained mutation: You are agile. (Dex +2) [potion of mutation]
  1322 | D:1      | Gained mutation: Your muscles are strong. (Str +2) [potion of mutation]
  1437 | D:2      | Noticed Robin
  1463 | D:2      | Killed Robin
  1463 | D:2      | Reached XP level 3. HP: 12/19 MP: 3/10
  2053 | D:3      | Noticed a bullfrog
  2072 | D:3      | Killed a bullfrog
  2072 | D:3      | Reached skill level 6 in Summonings
  2072 | D:3      | Reached XP level 4. HP: 19/24 MP: 9/12
  2088 | D:3      | Learned a level 4 spell: Summon Ice Beast
  2093 | D:3      | Learned a level 4 spell: Summon Lightning Spire
  2136 | D:3      | Found a shimmering altar of Xom.
  2136 | D:3      | Found a shimmering altar of Xom.
  2136 | D:3      | Found a shimmering altar of Xom.
  2137 | D:3      | Found a shimmering altar of Xom.
  2147 | D:3      | Found a shimmering altar of Xom.
  2148 | D:3      | Found a shimmering altar of Xom.
  2149 | D:3      | Found a shimmering altar of Xom.
  2457 | D:3      | Noticed an ogre
  2462 | D:3      | Killed an ogre
  2462 | D:3      | Reached XP level 5. HP: 28/28 MP: 4/13
  2486 | D:3      | Found a faded altar of an unknown god.
  2575 | D:3      | Noticed grom234's ghost (amateur TrMo)
  2592 | D:3      | HP: 2/42 [grom234's ghost (9)]
  2605 | D:3      | Mangled by grom234's ghost

Vault maps used:
D:1:      dpeg_arrival_pits, serial_forest, infiniplex_forest_straight_2,
          infiniplex_forest_clump_curved, infiniplex_forest_corner_2,
          infiniplex_forest_clump_diagonal, infiniplex_forest_end_2,
          infiniplex_forest_lined_2, infiniplex_forest_clump_diagonal,
          infiniplex_forest_lined_room_3
D:2:      minmay_pentomino_r2, uniq_robin
D:3:      xom_redecorated, first_ration, chequers_ecumenical_altar_simple_redux,
          minmay_misc_feat_cross

Skill      XL: |  1  2  3 |
---------------+----------+-----
Summonings     | 5 6 |  6.6
Spellcasting   | 4 |  4.4
Dodging        | |  2.4
Stealth        | |  2.4

Action                   |  1- 3 |  4- 6 || total
-------------------------+-------+-------++-------
Melee: Dagger            |    65 |    25 ||    90
       Unarmed           |     2 |       ||     2
 Cast: Summon Small Mamm |    20 |       ||    20
       Call Imp          |    29 |     5 ||    34
       Summon Ice Beast  |       |     3 ||     3
       Summon Lightning  |       |     1 ||     1
  Use: Scroll            |     5 |     2 ||     7
       Potion            |     2 |     4 ||     6
 Stab: Sleeping          |     8 |     3 ||    11
  Eat: Chunk             |     4 |     2 ||     6
Armor: Robe              |     8 |     3 ||    11
       Skin              |       |    11 ||    11
Dodge: Dodged            |    32 |    17 ||    49

Table legend:
 A = Spawn XP
 B = Non-spawn XP
 C = Spawn XP percentage of total XP
 D = Spawn monster count
 E = Non-spawn monster count
 F = Spawn count percentage of total count
 G = Total turns spent on level
                    A         B        C        D         E        F      G
               +---------+---------+-------+---------+---------+-------+---------
         Total |       0 |     226 |   0.0 |       0 |      70 |   0.0 |  2605
               +---------+---------+-------+---------+---------+-------+---------
           D:1 |       0 |      21 |   0.0 |       0 |      16 |   0.0 |  1334
           D:2 |       0 |      50 |   0.0 |       0 |      31 |   0.0 |   653
           D:3 |       0 |     155 |   0.0 |       0 |      23 |   0.0 |   618
               +---------+---------+-------+---------+---------+-------+---------
